Unix NetHack Version 5.0.0-0 post-release - last build Jun 10 2026 00:39:30 (3ee93aec679c4c4259841fe613dc97188e26a321,branch:main).

Game began 2026-06-09 22:54:27, ended 2026-06-10 08:20:05.

LDaviesPeters, neutral female human Archeologist

           ---
    ---  ---.---      -----
   |..|  |.<.@.--   ---...| ----                     ---
  --..----....B.-----....[---..-#    --- # ##-# ### #-(--
  |...*.......`.*.......[*.......#####.##---..--..-#-....
  ----------.....*.......)...............................
           |........).......*........*....---.............
           --......)......................|  -...--.|......
           --...................[.......---  |...|-------..
           |..............--............|    |-..---   |...
       ------..^..........---..........--    |.....|   |...
       |..---.....|........||..--......|     --.>..|  --.--
       |........-- --..--.-------...^.--     --....| -...|
       --..--..--    ------  --....----     --...---|...-
        -------              |....--      ---...--  -.--
                             |....|      --.....|   .--
                              -...---    |......--
                              |.....|    --...^..|
                               -...--     |.....--
                               |..-        --.--
                               ---          ---
LDaviesPeters the Investigator  St:15 Dx:10 Co:16 In:16 Wi:12 Ch:9  Neutral
Dlvl:6  $:0  HP:0(45) Pw:35(35) AC:1  Xp:6 T:6480 

Latest messages:
 You descend the stairs.
 You climb up the stairs.
 You find a rust trap.
 Really step onto that rust trap? [yn] (n) n
 The grid bug strikes at your displaced image and misses you!
 The grid bug misses!
 You kill the grid bug!
 You see here a key.
 You hear a wolf howling at the moon.
 You are carrying too much to get through.
 What do you want to use or apply? [abe-gklptB-DRSZ or ?*] p
 You now wield a +0 pick-axe.
 In what direction do you want to dig? [47632>] 2
 You start digging.
 You stop digging.
 Pick a monster, object or location.
 d        a dog or other canine (werewolf)
 What do you want to read? [r or ?*] ?
 As you read the scroll, it disappears.
 You materialize in a different location!
 You start digging.
 You hit the rock with all your might.
 You stop digging.
 The giant bat bites!
 The giant bat bites!
 The giant bat strikes at your displaced image and misses you!
 The giant bat bites!
 The giant bat bites!
 The giant bat misses!
 The giant bat bites!
 The giant bat misses!
 The giant bat bites!
 The giant bat bites!
 The giant bat strikes at your displaced image and misses you!
 The giant bat bites!
 The giant bat bites!
 The giant bat strikes at your displaced image and misses you!
 The giant bat strikes at your displaced image and misses you!
 The giant bat bites!
 The giant bat bites!
 The giant bat bites!
 You see here a rock.
 The giant bat bites!
 The giant bat bites!
 You die...
 Do you want your possessions identified? [ynq] (y) y
 Do you want to see your attributes? [ynq] (y) y
 Do you want an account of creatures vanquished? [ynaq] (y) n
 Do you want to see your conduct and achievements? [ynq] (y) y
 Do you want to see the dungeon overview? [ynq] (y) n

Inventory:
 Amulets  ('"')
  J - a blessed amulet of guarding (being worn)
 Weapons  (')')
  Y - 2 +0 daggers (at the ready)
  y - a blessed +3 orcish dagger
  n - 3 +0 orcish daggers
  a - a +2 bullwhip
 Armor    ('[')
  z - an uncursed +0 dwarvish iron helm (being worn)
  H - an uncursed +0 pair of gauntlets of dexterity (being worn)
  E - an uncursed +0 pair of leather gloves
  A - an uncursed +0 pair of iron shoes (being worn)
  j - an uncursed +0 pair of speed boots
  s - an uncursed +0 cloak of displacement (being worn)
  v - an uncursed +0 mummy wrapping
  h - an uncursed +0 leather jacket (being worn)
 Comestibles  ('%')
  F - an uncursed clove of garlic
  d - 7 uncursed food rations
  x - a cursed food ration
  q - an uncursed lembas wafer
  G - a cursed tripe ration
  I - 2 cursed rotten tins of floating eye meat
 Potions  ('!')
  K - a blessed potion of object detection
 Wands    ('/')
  D - a wand of digging (0:6)
  R - a wand of light (0:14)
  S - a wand of light (0:14)
  B - a wand of light (0:6)
  Z - a wand of opening (0:3)
  t - a wand of striking (0:5)
 Tools    ('(')
  b - an uncursed sack containing 1 item
  C - a horn of plenty (0:20)
  e - a can of grease (0:19)
  l - an uncursed oil lamp
  p - a +0 pick-axe (weapon in right hand)
  k - an uncursed skeleton key
  f - a tinning kit (0:32)
 Gems/Stones  ('*')
  o - 2 uncursed topaz stones
  g - an uncursed touchstone

Contents of the sack:
  401 gold pieces

LDaviesPeters the Archeologist's attributes:

Background:
 You were an Investigator, a level 6 female human Archeologist.
 You were neutral, on a mission for Camaxtli
 who was opposed by Quetzalcoatl (lawful) and Huhetotl (chaotic).
 You were right-handed.
 You were in the Gnomish Mines, on level 6.
 You entered the dungeon 6480 turns ago.
 You had 586 experience points, 54 more were needed to attain level 7.

Basics:
 You had 0 out of 45 hit points.
 You had all 35 energy points (spell power).
 Your armor class was 1.
 Your wallet was empty, but
 you had 401 zorkmids stashed away in your pack.
 Autopickup was off.

Final Characteristics:
 Your strength was 15 (limit:18/100).
 Your dexterity was 10 (limit:18).
 Your constitution was 16 (limit:18).
 Your intelligence was 16 (limit:18).
 Your wisdom was 12 (limit:18).
 Your charisma was 9 (limit:18).

Final Status:
 You weren't hungry.
 You were unencumbered.
 You were wielding a pick-axe.
 You had basic skill with pick-axe.

Final Attributes:
 You were piously aligned.
 You were poison resistant.
 You had automatic searching.
 You were displaced.
 You were stealthy.
 You had a small defense bonus (+2).
 You were protected.
 You are dead.

Miscellaneous:
 You didn't encounter any bones levels.
 Total elapsed playing time was 1 hour, 37 minutes and 27 seconds.

Major events:
 Turn
    1: LDaviesPeters the neutral female human Archeologist entered the dungeon
 1458: attained the rank of Field Worker (level 3)
 5194: entered the Gnomish Mines
 5198: attained the rank of Investigator (level 6)
 6480: killed by a giant bat

Spells:
 Name                 Level Category     Fail Retention
 stone to flesh         3   healing      100%   51%-75%
 haste self             3   escape       100%  76%-100%

Skills:
 Fighting Skills
   bare handed combat [Unskilled]
   two weapon combat  [Unskilled]
   riding             [Unskilled]
 Weapon Skills
   dagger             [Unskilled]
   knife              [Unskilled]
   pick-axe           [Basic]
   short sword        [Unskilled]
   saber              [Unskilled]
   club               [Unskilled]
   quarterstaff       [Unskilled]
   sling              [Unskilled]
   dart               [Unskilled]
   boomerang          [Unskilled]
   whip               [Skilled]
   unicorn horn       [Unskilled]
 Spellcasting Skills
   attack spells      [Unskilled]
   healing spells     [Unskilled]
   divination spells  [Unskilled]
   matter spells      [Unskilled]

Voluntary challenges:
 Character rerolling was not enabled.
 You never genocided any monsters.
 You never polymorphed an object.
 You used no wishes.
Achievements:
 You entered a shop.
 You attained the rank of Field Worker.
 You entered the Gnomish Mines.
 You attained the rank of Investigator.

 The Dungeons of Doom: levels 1 to 5
    Level 1:
    Level 2:
       A general store.
    Level 3:
       A general store.
    Level 4:
       A general store, a fountain, a sink.
       Stairs down to The Gnomish Mines.
    Level 5:
 The Gnomish Mines: levels 5 to 7
    Level 5:
    Level 6: <- You were here.
       Final resting place for
          you, killed by a giant bat.
    Level 7:


Vanquished creatures:
  a leprechaun
 an orc mummy
  3 Mordor orcs
  2 rock piercers
  a rock mole
  a pony
  a fog cloud
  a gnome leader
  a kobold mummy
  a straw golem
  6 dwarves
  a kobold leader
  3 rothes
  a giant bat
  a werejackal
  5 iguanas
 an acid blob
  4 coyotes
  2 gas spores
  a large kobold
  5 hobgoblins
  4 giant rats
  2 cave spiders
  a brown mold
 18 gnomes
  6 jackals
  5 goblins
  4 grid bugs
  6 lichens
  8 newts
97 creatures vanquished.

No species were genocided or became extinct.

Game over:
                       ----------
                      /          \
                     /    REST    \
                    /      IN      \
                   /     PEACE      \
                  /                  \
                  |  LDaviesPeters   |
                  |      401 Au      |
                  |   killed by a    |
                  |    giant bat     |
                  |                  |
                  |                  |
                  |       2026       |
                 *|     *  *  *      | *
        _________)/\\_//(\/(/\)/\//\/|_)_______

Goodbye LDaviesPeters the Archeologist...

You died in The Gnomish Mines on dungeon level 6 with 3025 points,
and 401 pieces of gold, after 6480 moves.
You were level 6 with a maximum of 45 hit points when you died.

